 Dungeon Crawl Stone Soup version 0.30.0 (webtiles) character file.

Game seed: 8836985631589976915

1477 Persephone the Chopper (level 8, -2/50 HPs)
             Began as a Gargoyle Fighter on May 6, 2023.
             Was an Initiate of Gozag.
             Slain by a two-headed ogre
             ... wielding a +0 dire flail
              (18 damage)
             ... on level 5 of the Dungeon.
             The game lasted 00:13:47 (3793 turns).

Persephone the Chopper (Gargoyle Fighter)           Turns: 3793, Time: 00:13:47

Health: -2/50      AC: 17    Str: 23    XL:     8   Next: 78%
Magic:  8/8        EV:  8    Int:  8    God:    Gozag
Gold:   537        SH:  5    Dex:  9    Spells: 7/7 levels left

rFire   . . .        a - +0 war axe
rCold   . . .        c - +0 buckler
rNeg    + + .        r - +0 chain mail
rPois   ∞            e - +2 hat
rElec   +            (no cloak)
rCorr   .            (no gloves)
SInv    .            (no boots)
Will    .....        (no amulet) Stlth
                     g - ring of positive energy
HPRegen 0.28/turn    (no ring)
MPRegen 0.11/turn

%: no passive effects
@: no status effects
A: sickness immunity, AC +5, negative energy resistance 1, electricity
resistance, torment resistance 1, petrification resistance
a: Renounce Religion, Potion Petition, Call Merchant, Bribe Branch


You were on level 5 of the Dungeon.
You worshipped Gozag.
Gozag was pleased with you.
You visited 1 branch of the dungeon, and saw 5 of its levels.

You collected 563 gold pieces.
You paid 26 gold pieces to Gozag.

Inventory:

Hand Weapons
 a - a +0 war axe (weapon)
Armour
 c - a +0 buckler (worn)
 e - a +2 hat (worn)
 r - a +0 chain mail (worn)
Jewellery
 g - a ring of positive energy (left hand)
 s - a +6 ring of intelligence
 t - a ring of see invisible
 y - a ring of flight
Wands
 d - a wand of charming (9)
 u - a wand of light (10)
 z - a wand of roots (7)
Scrolls
 b - a scroll of vulnerability {unknown}
 l - 3 scrolls of enchant armour
 n - 6 scrolls of teleportation
 x - a scroll of identify
Potions
 h - a potion of lignification
 i - 3 potions of mutation {unknown}
 j - a potion of degeneration
 k - a potion of heal wounds
 m - 2 potions of curing {unknown}
 o - a potion of berserk rage {unknown}
 p - a potion of brilliance {unknown}
 q - a potion of haste {unknown}
 v - a potion of ambrosia {unknown}
 w - a potion of magic {unknown}


   Skills:
 - Level 5.6 Fighting
 + Level 7.2 Axes
 - Level 5.6 Armour
 - Level 5.7 Shields


You had 7 spell levels left.
You didn't know any spells.
Your spell library contained the following spells:

 Spells                   Type           Power      Damage    Failure   Level
 Ensorcelled Hibernation  Hex/Ice        0%         N/A       99%         2
 Passwall                 Tmut/Erth      0%         N/A       99%         2
 Swiftness                Air            0%         N/A       100%        3


Dungeon Overview and Level Annotations

Branches:
Dungeon (5/15)
 Temple: D:4-7

Altars:
Dithmenos
Gozag
Qazlal
Ru
Sif Muna


Innate Abilities, Weirdness & Mutations

You are immune to sickness and miasma.
Your stone body is resilient. (AC +5)
You are immune to poison.
You resist negative energy. (rN+)
You are resistant to electric shocks. (rElec)
You are resistant to unholy torment.
You are immune to petrification.


Message History

a +0 club; a boomerang You now have 537 gold pieces (gained 6).
Things that are here:
a +0 mace; a +0 robe The two-headed ogre shouts in stereo!
Found a scroll of enchant armour.
The two-headed ogre hits you with a +0 dire flail!
The two-headed ogre hits you but does no damage.
You are too injured to fight recklessly!
You are too injured to fight recklessly!
You are too injured to fight recklessly!
Okay, then.
You barely miss the two-headed ogre.
The two-headed ogre hits you with a +0 dire flail.
The two-headed ogre hits you with a +0 giant club!
You slash the two-headed ogre!
The two-headed ogre is lightly wounded.
You hit the two-headed ogre.
The two-headed ogre is moderately wounded.
You block the two-headed ogre's attack.
The two-headed ogre completely misses you.
You slash the two-headed ogre!
The two-headed ogre is heavily wounded.
The two-headed ogre hits you with a +0 dire flail!
* * * LOW HITPOINT WARNING * * *
The two-headed ogre closely misses you.
You feel much better.
The two-headed ogre hits you with a +0 dire flail!
The two-headed ogre completely misses you.
You slash the two-headed ogre!
The two-headed ogre is severely wounded.
You block the two-headed ogre's attack. x2
You barely miss the two-headed ogre.
The two-headed ogre is severely wounded.
You barely miss the two-headed ogre.
The two-headed ogre is severely wounded.
The two-headed ogre hits you with a +0 dire flail!
The two-headed ogre hits you with a +0 giant club!!
You die...
Your body crumbles into a pile of gold.

#...### ##.....##
#....... # ......### ..
#......### ...
##........#### ..~.
#..........#.#### ?.~~~
#..##...#.....#.#..~~~~
###.#)).#..#...@..~~~~~
#...).)#....))##O~~~~~~
##.....#......# ..~~~~~
#..#..........## #..~~~~
##............#####..~~~
#####.........#..##..~.
#............# #...
#..........#.##..>.
##...............#.<..


You could see a two-headed ogre.

Vanquished Creatures
  Grinder (D:3)
  An orc warrior (D:5)
  Duvessa (D:4)
  An ice beast (D:5)
  An ogre (D:4)
  A phantom (D:5)
  Blork the orc (D:5)
  2 scorpions (D:5)
  Dowan (D:4)
  2 hounds (D:5)
  2 jellies
  An orc priest (D:5)
  6 iguanas
  2 orc wizards (D:5)
  4 gnolls (D:3)
  9 adders
  A shadow imp (D:5)
  18 orcs
  4 bats
  10 endoplasms
  5 giant cockroaches
  7 goblins
  6 hobgoblins
  7 quokkas
  8 ball pythons
  4 frilled lizards
  8 kobolds
  6 rats
120 creatures vanquished.

Notes
Turn   | Place    | Note
-------+----------+-------------------------------------------
     0 | D:1      | Persephone the Gargoyle Fighter began the quest for the
                  | Orb.
     0 | D:1      | Reached XP level 1. HP: 14/14 MP: 1/1
    38 | D:1      | Reached skill level 2 in Axes
    38 | D:1      | Reached XP level 2. HP: 14/19 MP: 2/2
   680 | D:2      | Reached XP level 3. HP: 24/24 MP: 3/3
  1184 | D:2      | Reached XP level 4. HP: 28/29 MP: 4/4
  1468 | D:3      | Noticed Grinder
  1479 | D:3      | Paralysed by Grinder for 5 turns
  1497 | D:3      | Killed Grinder
  1498 | D:3      | Reached skill level 3 in Axes
  1498 | D:3      | Reached XP level 5. HP: 20/34 MP: 5/5
  1498 | D:3      | Reached XP level 6. HP: 23/39 MP: 6/6
  1690 | D:3      | Found a stormy altar of Qazlal.
  2042 | D:3      | Found an opulent altar of Gozag.
  2342 | D:3      | Became a worshipper of Gozag Ym Sagoz the Greedy
  2459 | D:4      | Found a shadowy altar of Dithmenos.
  2487 | D:4      | Found a sacrificial altar of Ru.
  2500 | D:4      | Noticed Dowan
  2501 | D:4      | Noticed Duvessa
  2523 | D:4      | Killed Duvessa
  2524 | D:4      | Reached skill level 5 in Fighting
  2524 | D:4      | Reached skill level 5 in Armour
  2524 | D:4      | Reached skill level 5 in Shields
  2524 | D:4      | Reached XP level 7. HP: 38/44 MP: 7/7
  2545 | D:4      | Killed Dowan
  2772 | D:4      | Reached skill level 4 in Axes
  3058 | D:5      | Entered Level 5 of the Dungeon
  3087 | D:5      | Reached XP level 8. HP: 45/50 MP: 8/8
  3118 | D:5      | Reached skill level 5 in Axes
  3372 | D:5      | Reached skill level 6 in Axes
  3586 | D:5      | Found a shimmering blue altar of Sif Muna.
  3670 | D:5      | Noticed Blork the orc
  3681 | D:5      | Noticed a two-headed ogre
  3682 | D:5      | Killed Blork the orc
  3683 | D:5      | Reached skill level 7 in Axes
  3793 | D:5      | Slain by a two-headed ogre

Illustrated notes

Levels and vault maps discovered:
D:1:      minmay_arrival_plants_in_alcoves, layout_basic
D:2:      layout_basic
D:3:      layout_loops_ring, nicolae_qazlal_scattered_showers,
          nicolae_gozag_seed_capital, uniq_grinder
D:4:      layout_basic, mainiacjoe_overflow_paths, lemuel_crystal_altar,
          st_stairs_11, corexii_leaking_fountain, uniq_duvessa
D:5:      layout_cave_pools, kennysheep_orc_sif_temple,
          amcnicky_mini_pool_medium, uniq_blork_the_orc

Skill      XL: |  1  2  3  4  5  6  7  8 |
---------------+-------------------------+-----
Axes           | 2 3 4 7 |  7.2
Shields        | 4 5 |  5.7
Armour         | 4 5 |  5.6
Fighting       | 4 5 |  5.6

Action                     |  1- 3 |  4- 6 |  7- 9 || total
---------------------------+-------+-------+-------++-------
  Melee: War axe           |   113 |   105 |   176 ||   394
    Use: Scroll            |       |     8 |     3 ||    11
         Potion            |       |     2 |     2 ||     4
 Armour: Scale mail        |    83 |    40 |       ||   123
         Chain mail        |       |    33 |   115 ||   148
  Dodge: Dodged            |    55 |    43 |    60 ||   158
  Block: Buckler           |    34 |    21 |    43 ||    98
